 Dungeon Crawl Stone Soup version 0.28-a0-1429-gf3d713df7a (webtiles) character file.

Game seed: 10956344006351571958

476 sizableburger the Skirmisher (level 7, 0/79 HPs)
             Began as an Ogre Arcane Marksman on Jan 8, 2022.
             Was a Follower of Cheibriados.
             Succumbed to a killer bee's poison
             ... on level 4 of the Dungeon.
             The game lasted 00:13:12 (5364 turns).

sizableburger the Skirmisher (Ogre Arcane Marksman) Turns: 5364, Time: 00:13:13

Health: 0/79       AC:  6    Str: 17 (18) XL:     7   Next: 10%
Magic:  8/8        EV:  9    Int: 18 (19) God:    Cheibriados [*.....]
Gold:   157        SH:  0    Dex: 10 (12) Spells: 4/8 levels left

rFire   . . .      SeeInvis .   t - +0 whip
rCold   . . .      Faith    .   (no shield)
rNeg    + . .      Spirit   .   a - +0 robe
rPois   .          Reflect  .   (helmet restricted)
rElec   .          Harm     .   v - +2 cloak
rCorr   .          Rampage  .   (gloves unavailable)
Will    .....                   (boots unavailable)
Stlth   +.........              (no amulet)
HPRegen 0.23/turn               p - ring of positive energy
MPRegen 0.11/turn               (no ring)

@: lethally poisoned (0 -> -11), very slow
A: large, unfitting armour, tough skin 1, robust 1
a: Renounce Religion, Bend Time


You were on level 4 of the Dungeon.
You worshipped Cheibriados.
Cheibriados was aware of your devotion.
You visited 1 branch of the dungeon, and saw 5 of its levels.

You collected 157 gold pieces.

Inventory:

Hand Weapons
 d - a +0 club
 t - a +0 whip (weapon)
 u - a +0 giant spiked club
Missiles
 b - 3 large rocks (quivered)
 i - 20 stones
Armour
 a - a +0 robe (worn)
 r - a +0 tower shield
 v - a +2 cloak (worn)
Jewellery
 p - a ring of positive energy (left hand)
Scrolls
 g - a scroll of enchant weapon {unknown}
 h - a scroll of vulnerability
 k - a scroll of immolation {unknown}
 n - a scroll of magic mapping
 s - a scroll of amnesia {unknown}


   Skills:
 + Level 5.0 Fighting
 + Level 3.1 Maces & Flails
 + Level 4.1 Throwing
 - Level 1.7 Dodging
 - Level 1.2 Spellcasting
 - Level 2.6 Hexes
 + Level 2.6 Fire Magic


You had 4 spell levels left.
You knew the following spells:

 Your Spells              Type           Power      Damage    Failure   Level
a - Slow                  Hex            40%        N/A       7%          1
b - Inner Flame           Hex/Fire       10%        N/A       21%         3

Your spell library contained the following spells:

 Spells                   Type           Power      Damage    Failure   Level
 Beastly Appendage        Tmut           2%         N/A       21%         1
 Shock                    Conj/Air       4%         1d3       21%         1
 Wereblood                Tmut           1%         N/A       30%         2
 Portal Projectile        Hex/Tloc       10%        N/A       34%         3
 Summon Guardian Golem    Hex/Summ       5%         N/A       34%         3
 Spider Form              Tmut/Pois      1%         N/A       52%         3
 Cause Fear               Hex            5%         N/A       54%         4
 Orb of Destruction       Conj           0%         N/A       100%        7
 Spellforged Servitor     Conj/Summ      0%         N/A       100%        7


Dungeon Overview and Level Annotations

Branches:
Dungeon (5/15)             Temple (0/1) D:4

Altars:
Cheibriados

Shops:
D:1 (


Innate Abilities, Weirdness & Mutations

You are too large for most types of armour.
You have tough skin. (AC +1)
You are robust. (+10% HP)


Message History

The killer bee poisons you! The killer bee closely misses you.
You miss the killer bee.
The killer bee is heavily wounded.
You feel sick. The killer bee stings you. The killer bee stings you!
* * * LOW HITPOINT WARNING * * *
Throw: 7 large rocks
Press: ? - help, Q - select action, (/) - cycle Shift-Dir - straight line, f/p - killer bee
Aim: a killer bee (heavily wounded, 31% to hit)
You throw a large rock.
The large rock barely misses the killer bee.
You feel sick. The killer bee barely misses you.
The killer bee closely misses you. The killer bee stings you.
* * * LOW HITPOINT WARNING * * *
The killer bee stings you but does no damage.
Throw: 6 large rocks
Press: ? - help, Q - select action, (/) - cycle Shift-Dir - straight line, f/p - killer bee
Aim: a killer bee (heavily wounded, 31% to hit)
You throw a large rock.
The large rock closely misses the killer bee.
You feel sick. The killer bee closely misses you. The killer bee stings you.
* * * LOW HITPOINT WARNING * * *
The killer bee stings you.
* * * LOW HITPOINT WARNING * * *
Throw: 5 large rocks
Press: ? - help, Q - select action, (/) - cycle Shift-Dir - straight line, f/p - killer bee
Aim: a killer bee (heavily wounded, 31% to hit)
You throw a large rock. The large rock hits the killer bee.
The killer bee is almost dead.
* * * LOW HITPOINT WARNING * * *
You feel sick. The killer bee stings you.
* * * LOW HITPOINT WARNING * * *
You are more poisoned.
The killer bee poisons you! The killer bee barely misses you.
The killer bee closely misses you. The killer bee barely misses you.
Throw: 4 large rocks
Press: ? - help, Q - select action, (/) - cycle Shift-Dir - straight line, f/p - killer bee
Aim: a killer bee (almost dead, 31% to hit)
You throw a large rock.
The large rock closely misses the killer bee.
You die...

##### #...# #...#
##################
#...######(................
#...#..........###########.
#...#.####.#...# #. #...#.#
#y#...###########.
######...#.#
#@'...'...........
#........#.#
###...########....
#........#'######...# #....
#...........<....#### #....
#................#
########....
#................#
#..........#
#######......()###
#........... #.#...##)#
#.....##.... #.+......#
#........##.


You could see a killer bee.

Vanquished Creatures
  A black bear (D:4)
  An ogre (D:4)
  A necrophage (D:4)
  A killer bee (D:5)
  2 hounds (D:4)
  5 adders
  An ufetubus (D:4)
  A worm (D:2)
  4 dart slugs
  5 orcs
  4 endoplasms
  4 giant cockroaches
  2 goblins (D:1)
  5 hobgoblins
  2 quokkas
  7 ball pythons
  7 bats
  3 frilled lizards
  3 kobolds
  2 rats (D:3)
61 creatures vanquished.

Vanquished Creatures (others)
  A fungus (D:1)
1 creature vanquished.

Grand Total: 62 creatures vanquished

Notes
Turn   | Place    | Note
-------+----------+-------------------------------------------
     0 | D:1      | sizableburger the Ogre Arcane Marksman began the quest for
                  | the Orb.
     0 | D:1      | Reached XP level 1. HP: 19/19 MP: 2/2
   402 | D:1      | Reached skill level 2 in Fighting
   402 | D:1      | Reached XP level 2. HP: 25/28 MP: 3/3
   991 | D:1      | Found a faded altar of an unknown god.
  1038 | D:1      | Got Plato's Almanac of Lightness
  1149 | D:1      | Found Yhiruca's Weapon Shop.
  1723 | D:2      | Reached skill level 1 in Maces & Flails
  1865 | D:2      | Found a snail-covered altar of Cheibriados.
  1876 | D:2      | Became a worshipper of Cheibriados the Contemplative
  2078 | D:3      | Reached XP level 3. HP: 32/36 MP: 4/4
  2583 | D:3      | Learned a level 3 spell: Inner Flame
  2765 | D:3      | Reached skill level 3 in Fighting
  3090 | D:3      | Reached XP level 4. HP: 45/45 MP: 5/5
  3110 | D:3      | Reached * piety under Cheibriados
  3780 | D:4      | Reached skill level 1 in Fire Magic
  4112 | D:4      | Found a staircase to the Ecumenical Temple.
  4113 | D:4      | Noticed an ogre
  4119 | D:4      | Noticed a black bear
  4121 | D:4      | Killed an ogre
  4122 | D:4      | Reached XP level 5. HP: 47/54 MP: 6/6
  4136 | D:4      | Killed a black bear
  4137 | D:4      | Reached skill level 4 in Fighting
  4137 | D:4      | Reached XP level 6. HP: 39/62 MP: 7/7
  4766 | D:4      | Noticed a necrophage
  4783 | D:4      | Killed a necrophage
  4963 | D:4      | Reached XP level 7. HP: 70/71 MP: 8/8
  5295 | D:5      | Entered Level 5 of the Dungeon
  5308 | D:5      | Reached skill level 5 in Fighting
  5325 | D:4      | Gained mutation: You are robust. (+10% HP) [potion of
                  | mutation]
  5363 | D:4      | HP: 3/79 [killer bee (1)]
  5364 | D:4      | Succumbed to a killer bee's poison

Illustrated notes

Levels and vault maps discovered:
D:1:      dpeg_arrival_shrine, layout_basic, serial_shops,
          nicolae_shop_hallway_stairs, shapermc_ecumenical_altar_rom_forum,
          minmay_stone_trees_medium
D:2:      layout_loops_ring, basic_altar
D:3:      kennysheep_six_static_rooms, layout_loops_ring, minmay_close_crescents
D:4:      layout_basic, minmay_temple_entry_ruins, lightli_corner_chamber
D:5:      layout_layer_cave, portal_sewer_entry_d, gammafunk_ghost_stat_death

Skill      XL: |  1  2  3  4  5  6  7 |
---------------+----------------------+-----
Fighting       | 2 3 4 5 |  5.0
Maces & Flails | 1 2 3 |  3.1
Throwing       | 3 4 |  4.1
Fire Magic     | 1 2 |  2.6
Dodging        | |  1.7
Spellcasting   | |  1.2
Hexes          | |  2.6

Action                   |  1- 3 |  4- 6 |  7- 9 || total
-------------------------+-------+-------+-------++-------
Melee: Club              |   141 |    88 |       ||   229
       Unarmed           |     8 |       |       ||     8
       Punch             |     1 |     1 |       ||     2
       Whip              |       |    65 |    21 ||    86
Throw: Dart              |    31 |    34 |     9 ||    74
       Stone             |       |     8 |       ||     8
       Large rock        |       |     2 |     5 ||     7
       Throwing net      |       |     2 |     1 ||     3
  Use: Scroll            |       |     3 |     1 ||     4
       Potion            |       |       |     8 ||     8
 Stab: Sleeping          |     1 |       |       ||     1
Armor: Robe              |    70 |    66 |     7 ||   143
       Skin              |       |       |    34 ||    34
Dodge: Dodged            |    95 |    90 |    25 ||   210

Table legend: (Time is in decaauts)
 A = Elapsed time spent in this place.
 B = Non-inter-level travel time spent in this place.
 C = Inter-level travel time spent in this place.
 D = Time resting spent in this place.
 E = Time spent auto-exploring this place.
 F = Levels seen in this place.
 G = Mean time per level.
                   A        B        C        D        E       F      G
               +--------+--------+--------+--------+--------+-----+--------+
         Total |   5999 |   5593 |    406 |   1536 |   3082 |   5 | 1199.8 |
       Dungeon |   5999 |   5593 |    406 |   1536 |   3082 |   5 | 1199.8 |
               +--------+--------+--------+--------+--------+-----+--------+

Top non-repeatable levels by time:
     D:3: 1948 daAuts
     D:4: 1904 daAuts
     D:1: 1353 daAuts
     D:2: 760 daAuts
     D:5: 31 daAuts
